 Dungeon Crawl Stone Soup version 0.24.0-123-gd5b16e6ec5 (webtiles) character file.

Game seed: 4818948381426337617, levelgen mode: deterministic

15396 McKennaii the Thaumaturge (level 12, -2/91 HPs)
             Began as a Yellow Draconian Conjurer on Jan 25, 2020.
             Was a Priest of Sif Muna.
             Slain by a sphinx (12 damage)
             ... summoned by Kirke
             ... while paralysed by a sphinx
             ... on level 12 of the Dungeon.
             The game lasted 00:48:26 (14752 turns).

McKennaii the Thaumaturge (DrCj)                   Turns: 14752, Time: 00:48:27

Health: -2/91      AC:  0    Str: 11    XL:     12   Next: 0%
Magic:  26/26      EV:  3    Int: 22    God:    Sif Muna [***...]
Gold:   55         SH:  0    Dex: 12    Spells: 23/31 levels left

rFire    . . .     SeeInvis .   (weapon currently unavailable)
rCold    . . .     Gourm    .   (shield currently unavailable)
rNeg     . . .     Faith    .   (armour unavailable)
rPois    .         Spirit   .   (helmet currently unavailable)
rElec    .         Reflect  +   (cloak currently unavailable)
rCorr    .         Harm     .   (gloves currently unavailable)
MR       .....                  (boots currently unavailable)
Stlth    ++........             A - +5 amulet of reflection
HPRegen  0.25/turn              (ring currently unavailable)
MPRegen  0.20/turn              (ring currently unavailable)

@: paralysed, pig-form, slowed, very quick
A: small, (spit acid), unfitting armour, clever 1, screaming 1, MP-powered
wands, AC +8
a: Channel Magic, Forget Spell, Renounce Religion


You were on level 12 of the Dungeon.
You worshipped Sif Muna.
Sif Muna was most pleased with you.
You were hungry.
You were a filthy swine.
You visited 2 branches of the dungeon, and saw 15 of its levels.
You also visited: Bailey.

You collected 1117 gold pieces.
You spent 1062 gold pieces at shops.

Inventory:

Hand Weapons
 g - a +3 dagger of venom (melded)
 E - the +0 long sword "Ujess" {pain, -Tele +Inv MR+ Dex+2}
   (You found it on level 7 of the Dungeon)

   In the hands of one skilled in necromantic magic, it inflicts extra damage on
   living creatures.
   It affects your dexterity (+2).
   It affects your resistance to hostile enchantments.
   It lets you turn invisible.
   It prevents most forms of teleportation.
Armour
 k - a +0 pair of boots (melded)
 s - a +3 shield of protection (melded)
 D - a +0 pair of gloves (melded)
 O - a +0 cloak (melded)
Magical Staves
 c - an uncursed staff of fire
 m - an uncursed staff of wizardry
 L - an uncursed staff of air
 P - an uncursed staff of summoning
Jewellery
 l - a ring of magical power (melded)
 v - a ring of protection from cold (melded)
 A - a +5 amulet of reflection (around neck)
 R - an uncursed amulet of harm {unknown}
 W - an uncursed ring of protection from fire
Wands
 w - a wand of acid (3)
 x - a wand of clouds (4)
 B - a wand of flame (16)
 F - a wand of enslavement (6)
 G - a wand of digging (6)
 K - a wand of paralysis (12)
 M - a wand of disintegration (2)
 N - a wand of scattershot (3)
Scrolls
 a - 2 scrolls of fog
 f - 8 scrolls of teleportation
 h - 6 scrolls of amnesia
 i - a scroll of identify
 j - a scroll of blinking
 n - 2 scrolls of enchant armour
 q - a scroll of enchant weapon
 y - a scroll of remove curse
 H - a scroll of vulnerability {unknown}
 I - a scroll of silence {unknown}
 S - a scroll of summoning {unknown}
 U - a scroll of brand weapon {unknown}
Potions
 d - 2 potions of heal wounds
 e - 6 potions of curing
 o - 3 potions of ambrosia
 p - 3 potions of brilliance
 r - 2 potions of agility
 t - 2 potions of might
 u - a potion of haste
 z - a potion of mutation
 C - 2 potions of flight
 Q - a potion of berserk rage
 T - a potion of invisibility
Miscellaneous
 J - a lightning rod (4/4)
 V - a phial of floods
Comestibles
 b - 16 rations
 X - 2 chunks of flesh


   Skills:
 + Level 4.1 Fighting
 + Level 5.7 Dodging
 + Level 3.7 Stealth
 * Level 10.2 Shields
 + Level 10.2 Spellcasting
 + Level 9.5 Conjurations
 * Level 5.2 Fire Magic


You had 23 spell levels left.
You knew the following spells:

 Your Spells              Type           Power        Failure   Level  Hunger
a - Magic Dart            Conj           ####         1%          1    None
b - Inner Flame           Hex/Fire       ###.....     6%          3    None
c - Iskenderun's Mystic   Conj           ######..     1%          4    ##.....

Your spell library contained the following spells:

 Spells                   Type           Power        Failure   Level  Hunger
 Searing Ray              Conj           ######       1%          2    None
 Dazzling Spray           Conj/Hex       ####..       2%          3    None
 Confusing Touch          Hex            ##....       6%          1    None
 Corona                   Hex            ##.....      6%          1    None
 Slow                     Hex            ##......     9%          2    None
 Force Lance              Conj/Tloc      ####....     9%          4    ##.....
 Fulminant Prism          Conj/Hex       ####......   9%          4    ##.....
 Confuse                  Hex            ##......     19%         3    None
 Gell's Gravitas          Tloc           ##........   19%         3    None
 Portal Projectile        Hex/Tloc       ##....       19%         3    None
 Cause Fear               Hex            ##........   52%         4    ##.....
 Leda's Liquefaction      Hex/Erth       ##........   52%         4    ##.....
 Petrify                  Tmut/Erth      ##......     52%         4    ##.....
 Metabolic Englaciation   Hex/Ice        ##........   86%         5    ####...
 Yara's Violent Unravell  Hex/Tmut       ##........   86%         5    ####...


Dungeon Overview and Level Annotations

Branches:
Dungeon (14/15)            Temple (1/1) D:4            Lair (0/6) D:11
    Orc (0/2) D:9          Bailey (visited)
 Vaults: D:13-14

Altars:
Ashenzari
Cheibriados
Dithmenos
Elyvilon
Fedhas
Gozag
Hepliaklqana
Kikubaaqudgha
Makhleb
Nemelex Xobeh
Okawaru
Qazlal
Ru
Sif Muna
Trog
Uskayaw
Vehumet
Wu Jian
Xom
Yredelemnul
Zin
The Shining One

Shops:
D:4 [   D:8 %*:   D:9 (   D:12 !

Annotations:
D:12 Kirke


Innate Abilities, Weirdness & Mutations

((You can spit globs of acid.))
((Your golden yellow scales are hard. (AC +8)))
You cannot fit into any form of body armour.
((You are cold-blooded and may be slowed by cold attacks.))
((You are resistant to acid. (rCorr)))
Your mind is acute. (Int +2)
((Your flesh is heat resistant. (rF+)))
You occasionally shout uncontrollably at your foes.
You expend magic power (3 MP) to strengthen your wands.


Message History

You squeal at the hog!
The hog squeals angrily.
Kirke shouts, "You pig!
I'll make you look the way you deserve."
The sphinx casts a spell.
Something smites you!
The sphinx mumbles some strange words.
You are confused.
You're too confused to move!
You have got your breath back.
The sphinx mumbles some strange words.
You suddenly lose the ability to move!
The sphinx casts a spell.
Something smites you!
You feel less confused.
The sphinx hits you! x3; Kirke hits you!!
* * * LOW HITPOINT WARNING * * *
The sphinx hits you.
* * * LOW HITPOINT WARNING * * *
The sphinx hits you!
You die...

#..# #..# #..# #.#
#..# #.# #..# #.#
#..# #.# #..# #.#
#..# #†# #.h# #h#
#@H# #.#
########.h#########.#
.........h..H@h.hh..#
#####################


You could see Kirke, a sphinx and 2 hogs.

Vanquished Creatures
  A hydra (D:12)
  Erica (D:9)
  A two-headed ogre (D:9)
  A wizard (D:12)
  An orc knight (Bailey)
  Pikel (D:9)
  3 oklob plants (D:11)
  Joseph (D:8)
  Psyche (D:8)
  4 centaur skeletons
  3 trolls
  A hornet (D:7)
  A slime creature (D:13)
  2 hippogriffs
  Sigmund (D:2)
  A wraith (D:5)
  A basilisk (D:13)
  6 wyverns
  2 hogs (D:12)
  Grum (D:8)
  A hungry ghost (D:9)
  2 acid dragons
  A hornet zombie (D:7)
  2 sky beasts
  3 phantoms
  7 orc warriors
  2 ice beasts
  4 ogres
  An eye of draining (D:12)
  4 wolves (D:8)
  4 centaurs
  A crocodile (D:13)
  A gnoll sergeant (D:9)
  2 bullfrogs
  A wyvern skeleton (D:12)
  4 scorpions
  16 wights
  3 killer bees (D:7)
  A howler monkey (D:12)
  6 crimson imps
  A bullfrog zombie (D:12)
  2 centaur zombies
  9 hounds
  3 jellies
  2 bullfrog skeletons
  6 orc priests
  6 orc wizards
  Jessica (D:3)
  An iguana (D:11)
  6 worker ants
  A hound zombie (D:5)
  2 hound skeletons
  A worker ant zombie (D:5)
  Robin (D:2)
  8 gnolls
  A howler monkey skeleton (D:7)
  12 adders
  3 shadow imps
  2 oozes
  3 adder skeletons
  2 adder zombies
  5 dart slugs
  2 leopard geckos (D:1)
  56 orcs
  6 giant cockroaches
  16 goblins
  15 hobgoblins
  8 jackals
  9 kobolds
  4 quokkas
  12 bats
  2 frilled lizards
  3 quokka skeletons
  5 rats
  A plant (D:11)
317 creatures vanquished.

Vanquished Creatures (others)
  3 slaves (D:9)
  A phantom (D:9)
  3 centaurs
  A crimson imp (D:9)
  A hound (D:9)
  3 gnolls (D:9)
  2 orcs
  2 kobolds (Bailey)
16 creatures vanquished.

Grand Total: 333 creatures vanquished

Notes
Turn   | Place    | Note
-------+----------+-------------------------------------------
     0 | D:1      | McKennaii the Draconian Conjurer began the quest for the
                  | Orb.
     0 | D:1      | Reached XP level 1. HP: 14/14 MP: 3/3
   201 | D:1      | Reached XP level 2. HP: 17/20 MP: 0/5
  1015 | D:2      | Reached XP level 3. HP: 26/26 MP: 6/6
  1057 | D:2      | Noticed Robin
  1058 | D:2      | Noticed Sigmund
  1132 | D:2      | Killed Robin
  1503 | D:2      | Reached XP level 4. HP: 33/33 MP: 4/8
  1555 | D:1      | HP: 1/33 [gnoll/+0 flail (2)]
  1860 | D:1      | Reached skill level 5 in Conjurations
  2291 | D:2      | Learned a level 4 spell: Iskenderun's Mystic Blast
  2426 | D:2      | Reached XP level 5. HP: 38/39 MP: 1/9
  2900 | D:2      | Killed Sigmund
  2900 | D:2      | Reached skill level 1 in Fighting
  2900 | D:2      | Reached XP level 6. HP: 40/47 MP: 1/12
  3408 | D:3      | You fall into a shaft and drop 1 floor!
  3873 | D:3      | Noticed Jessica
  3878 | D:3      | Killed Jessica
  3991 | D:3      | You fall into a shaft and drop 1 floor!
  4261 | D:3      | Found a stormy altar of Qazlal.
  4376 | D:4      | Reached skill level 5 in Spellcasting
  4415 | D:4      | Your scales start taking on a golden yellow colour.
  4415 | D:4      | Reached XP level 7. HP: 35/52 MP: 3/14
  4415 | D:4      | Gained mutation: You are resistant to acid. (rCorr) [Yellow
                  | Draconian growth]
  4721 | D:4      | Found Aduot's Armour Shop.
  4729 | D:4      | Bought a +2 shield of protection for 279 gold pieces
  4763 | D:4      | Found a staircase to the Ecumenical Temple.
  5199 | Temple   | Entered the Ecumenical Temple
  5447 | D:5      | Entered Level 5 of the Dungeon
  5566 | D:5      | Reached skill level 1 in Shields
  6006 | D:5      | Reached XP level 8. HP: 59/61 MP: 17/17
  7647 | D:7      | Reached XP level 9. HP: 44/68 MP: 20/20
  8013 | D:7      | Reached skill level 5 in Shields
  8195 | D:7      | Found a shimmering altar of Xom.
  8200 | D:7      | Found a shimmering blue altar of Sif Muna.
  8204 | D:7      | Became a worshipper of Sif Muna the Loreminder
  8210 | D:7      | Found a burning altar of Makhleb.
  8218 | D:7      | Found a bloodstained altar of Trog.
  8228 | D:7      | Found an opulent altar of Gozag.
  8282 | D:7      | Found a flagged portal.
  8292 | D:7      | Got a faintly glowing long sword
  8300 | Bailey   | Entered a bailey
  8303 | Bailey   | Identified the +0 long sword "Ujess" {pain, -Tele +Inv MR+
                  | Dex+2} (You found it on level 7 of the Dungeon)
  8356 | Bailey   | Noticed an orc knight
  8378 | Bailey   | Killed an orc knight
  8597 | Bailey   | Found a bloodstained altar of Trog.
  8917 | D:7      | Found a shattered altar of Ashenzari.
  8924 | D:7      | Found a hazy altar of Hepliaklqana.
  9146 | D:7      | Learned a level 3 spell: Inner Flame
  9189 | D:7      | Reached XP level 10. HP: 77/77 MP: 21/22
  9346 | D:7      | Gained mutation: You occasionally shout uncontrollably at
                  | your foes. [potion of mutation]
  9346 | D:7      | Gained mutation: Your flesh is heat resistant. (rF+)
                  | [potion of mutation]
  9346 | D:7      | Gained mutation: You expend magic power (3 MP) to
                  | strengthen your wands. [potion of mutation]
  9346 | D:7      | Gained mutation: Your mind is acute. (Int +2) [potion of
                  | mutation]
  9451 | D:8      | Found Vamoblol's Assorted Antiques.
  9463 | D:8      | Bought a smoky silvery potion for 22 gold pieces
  9463 | D:8      | Bought a scroll labeled QETAAD TIER for 25 gold pieces
  9463 | D:8      | Bought a thick glowing staff for 300 gold pieces
  9463 | D:8      | Bought a crooked silver wand for 100 gold pieces
  9521 | D:8      | Reached skill level 1 in Fire Magic
  9670 | D:8      | Identified the cursed +1 scale mail "Ymink" {rN+}
  9672 | D:8      | Noticed Grum
  9681 | D:8      | Reached * piety under Sif Muna
  9693 | D:8      | Killed Grum
 10115 | D:8      | Found Lyitev's Book Emporium.
 10117 | D:8      | Noticed Psyche
 10125 | D:8      | Killed Psyche
 10332 | D:8      | Found Figac's Food Shoppe.
 10420 | D:8      | Noticed Joseph
 10434 | D:8      | Killed Joseph
 10635 | D:9      | Noticed Pikel
 10641 | D:9      | Killed Pikel
 10654 | D:9      | Reached ** piety under Sif Muna
 10765 | D:9      | Found a staircase to the Orcish Mines.
 10852 | D:9      | Found Hiemug's Antique Weapon Boutique.
 10854 | D:9      | Noticed Erica
 10860 | D:9      | Noticed a two-headed ogre
 10863 | D:9      | Killed Erica
 10863 | D:9      | Reached skill level 5 in Dodging
 10863 | D:9      | Reached XP level 11. HP: 82/82 MP: 3/24
 10886 | D:9      | Killed a two-headed ogre
 11032 | D:10     | Entered Level 10 of the Dungeon
 11278 | D:10     | Reached *** piety under Sif Muna
 12011 | D:11     | Noticed an oklob plant
 12011 | D:11     | Noticed an oklob plant
 12128 | D:11     | Found a staircase to the Lair.
 12128 | D:11     | Noticed an oklob plant
 12150 | D:11     | Killed an oklob plant
 12231 | D:11     | Killed an oklob plant
 12372 | D:11     | Killed an oklob plant
 12767 | D:11     | You fall into a shaft and drop 3 floors!
 12921 | D:13     | Reached skill level 10 in Spellcasting
 13147 | D:12     | Noticed a wizard
 13153 | D:12     | Killed a wizard
 13817 | D:12     | Found Vacuf's Distillery.
 13900 | D:12     | Noticed a four-headed hydra
 13927 | D:12     | Killed a four-headed hydra
 13927 | D:12     | Reached skill level 10 in Shields
 13927 | D:12     | Reached skill level 5 in Fire Magic
 14640 | D:12     | Bought a potion of heal wounds for 60 gold pieces
 14640 | D:12     | Bought a potion of curing for 36 gold pieces
 14640 | D:12     | Bought a potion of flight for 36 gold pieces
 14640 | D:12     | Bought a potion of berserk rage for 60 gold pieces
 14640 | D:12     | Bought a potion of invisibility for 96 gold pieces
 14640 | D:12     | Bought a potion of might for 48 gold pieces
 14713 | D:12     | Reached XP level 12. HP: 81/91 MP: 25/26
 14736 | D:12     | Noticed Kirke
 14741 | D:12     | Noticed a sphinx
 14748 | D:12     | Paralysed by a sphinx for 7 turns
 14752 | D:12     | Slain by a sphinx

Levels and vault maps discovered:
D:1:      dpeg_arrival_long_road, layout_loops_cross
D:2:      layout_loops_ring, uniq_sigmund, uniq_robin
D:3:      layout_loops_ring, nicolae_qazlal_eye_of_the_storm, first_ration,
          uniq_jessica
D:4:      layout_basic, minmay_temple_entry_enclosed_plants, serial_shops, shop,
          hangedman_abyss_or_decor_lesser_grid
D:5:      layout_loops_ring, minmay_misc_feat_enclosed
D:6:      layout_loops_cross, hangedman_decor_slide_cut
D:7:      nicolae_whirlpool, layout_rooms, grunt_temple_overflow_octagram,
          enter_bailey_2, serial_rivers, chequers_serial_rivers_micro_d,
          chequers_serial_rivers_large_a, chequers_serial_rivers_micro_a,
          chequers_serial_rivers_micro_d, chequers_serial_rivers_room_b
D:8:      layout_rooms, serial_shops, nicolae_shop_waterfront,
          nicolae_shop_waterfront, kennysheep_mini_moat, uniq_grum, uniq_joseph,
          uniq_psyche
D:9:      layout_cross, orc_0_dummy, serial_shops, shop, uniq_erica, uniq_pikel
D:10:     layout_roguey [special_room_orc]
D:11:     layout_roguey, dpeg_oklobed_lair
D:12:     minmay_cornered_nines, layout_long_grid, serial_shops,
          nicolae_shop_crystal, hangedman_fish_farm, uniq_kirke
D:13:     layout_loops_cross
D:14:     layout_loops_cross, grunt_vaults_entry_tiered, minmay_misc_feat_x,
          serial_shops, nicolae_shop_competitors_out_of_business, shop
Temple:   eino_temple_water

Skill      XL: |  1  2  3  4  5  6  7  8  9 10 11 |
---------------+----------------------------------+-----
Dodging        | 2 3 4 5 |  5.7
Stealth        | 2 3 |  3.7
Conjurations   | 5 6 7 8 9 |  9.5
Spellcasting   | 3 4 5 6 7 8 9 10 | 10.2
Fighting       | 1 2 3 4 |  4.1
Shields        | 2 4 6 8 10 | 10.2
Fire Magic     | 3 5 |  5.2

Action                   |  1- 3 |  4- 6 |  7- 9 | 10-12 || total
-------------------------+-------+-------+-------+-------++-------
Melee: Unarmed           |    23 |       |       |       ||    23
       Tailslap          |     3 |     6 |    35 |    59 ||   103
       Dagger            |    11 |    41 |   267 |   391 ||   710
       Staff             |       |       |       |    17 ||    17
 Cast: Magic Dart        |    59 |   163 |   282 |   128 ||   632
       Iskenderun's Myst |       |       |    12 |   151 ||   163
 Abil: Breathe Acid      |       |       |     5 |    25 ||    30
Evoke: Wand              |       |       |     2 |       ||     2
  Use: Potion            |     1 |       |       |     8 ||     9
       Scroll            |       |       |     3 |    20 ||    23
 Stab: Sleeping          |     1 |       |     2 |     1 ||     4
  Eat: Ration            |     1 |       |     1 |     4 ||     6
       Chunk             |       |     8 |    13 |    23 ||    44
Armor: Skin              |    27 |    30 |    85 |   113 ||   255
Dodge: Dodged            |    52 |    63 |   111 |   106 ||   332
Block: Shield            |       |       |   231 |   397 ||   628
       Reflection        |       |       |    32 |    14 ||    46
